Map: Cerulean Fall LE

Players

Solar - Winner!

  • Race: Zerg Zerg
  • League: Master
  • Spawn Location: 7:00

Bunny

  • Race: Terran Terran
  • League: Bronze
  • Spawn Location: 1:00

Event: IEM Season 13 - Katowice Server Qualifiers Asia 1

VOD

Have the link to the VOD?

Description

Time

  • Played on: Jan. 14, 2019, 6:41 a.m.
  • Length: 15:35

All games in this series

Show
View Real Time Build Order
Export as new Build Order

Solar Zerg - Winner!

Build Orders: Hatch First 

Get SALT Encoding   

  12  0:01  Drone  
  13  0:12  Overlord  
  13  0:17  Drone  
  14  0:30  Drone  
  14  0:31  Drone  
  16  0:48  Hatchery  
  15  0:51  Drone  
  15  0:55  Drone  
  17  0:59  Drone  
  18  1:06  Extractor  
  17  1:15  Spawning Pool  
  17  1:17  Drone  
  17  1:21  Drone  
  18  1:28  Drone  
  19  1:39  Drone  
  20  1:49  Overlord  
  20  2:01  Queen x2, Zergling x4  
  26  2:09  Metabolic Boost  
  26  2:13  Drone x2  
  28  2:33  Hatchery  
  28  2:34  Drone  
  29  2:37  Drone  
  29  2:42  Queen  
  31  2:46  Drone  
  31  2:51  Overlord  
  32  2:54  Drone  
  32  2:56  Drone  
  34  2:59  Drone  
  34  3:01  Drone  
  36  3:10  Drone x4  
  36  3:12  Drone  
  41  3:19  Queen  
  43  3:22  Overlord  
  43  3:25  Drone  
  44  3:34  Overlord  
  44  3:41  Drone x3  
  47  3:44  Zergling x2, Drone x2  
  47  3:45  Queen  
  52  3:48  Drone  
  52  3:50  Drone  
  52  3:51  Drone  
  52  3:52  Drone  
  52  3:55  Drone  
  57  3:56  Drone  
  57  3:58  Baneling Nest  
  57  3:59  Drone  
  58  4:05  Overlord  
  58  4:09  Lair  
  57  4:10  Drone  
  57  4:13  Extractor, Drone  
  57  4:14  Extractor  
  57  4:15  Overlord  
  57  4:23  Overlord, Queen  
  59  4:27  Zergling x6  
  62  4:32  Spore Crawler  
  62  4:33  Drone x3  
  62  4:34  Drone  
  62  4:36  Drone  
  66  4:39  Drone  
  66  4:45  Drone  
  68  4:51  Spore Crawler  
  65  4:54  Overlord, Drone x2  
  65  4:55  Drone  
  65  4:58  Drone  
  65  4:59  Drone x3  
  72  5:01  Drone  
  72  5:02  Drone x2  
  72  5:03  Drone  
  76  5:10  Drone  
  70  5:15  Queen  
  70  5:17  Drone  
  70  5:18  Drone  
  70  5:19  Drone  
  72  5:24  Drone x2  
  72  5:25  Centrifical Hooks  
  72  5:27  Evolution Chamber  
  72  5:28  Evolution Chamber  
  72  5:30  Drone x2  
  72  5:33  Drone x2  
  76  5:36  Zergling x2  
  76  5:37  Zergling x2  
  76  5:38  Extractor  
  77  5:43  Zergling x2  
  77  5:45  Hatchery  
  77  5:46  Zergling x2  
  77  5:47  Zergling x2  
  79  5:50  Overlord  
  79  5:54  Zerg Ground Armor Level 1, Zerg Melee Weapons Level 1  
  79  5:56  Drone  
  80  5:58  Zergling x8  
  80  6:03  Zergling x2, Drone x2  
  89  6:04  Zergling x6  
  89  6:08  Overlord x2  
  89  6:13  Drone  
  89  6:14  Drone  
  89  6:16  Overseer  
  91  6:19  Overlord  
  91  6:21  Zergling x2  
  91  6:24  Baneling x5  
  91  6:25  Baneling  
  92  6:26  Baneling x2  
  92  6:27  Zergling x6  
  92  6:31  Zergling x6  
  97  6:34  Zergling x6  
  97  6:36  Pneumatized Carapace  
  97  6:37  Zergling x6  
  103  6:42  Zergling x4  
  103  6:45  Overlord  
  105  6:52  Drone x2  
  106  6:54  Zergling x6  
  106  6:58  Zergling x4  
  104  7:06  Zergling x2  
  104  7:07  Zergling x4  
  102  7:10  Zergling x12  
  102  7:15  Drone  
  100  7:16  Queen  
  100  7:17  Queen x2  
  100  7:18  Drone x2  
  100  7:19  Drone  
  100  7:20  Baneling x4  
  107  7:23  Zergling x4, Drone x2  
  107  7:26  Drone  
  107  7:28  Drone  
  113  7:30  Overlord  
  113  7:34  Overlord  
  113  7:38  Overlord x2  
  113  7:43  Zergling x2, Infestation Pit  
  113  7:44  Baneling  
  113  7:45  Baneling x6  
  113  7:51  Extractor  
  112  7:52  Queen, Hatchery  
  112  7:55  Zergling x22  
  112  7:58  Overlord  
  124  8:01  Baneling x3  
  124  8:04  Zergling x2  
  122  8:07  Zerg Ground Armor Level 2, Zerg Melee Weapons Level 2  
  122  8:09  Zergling x6  
  124  8:14  Drone  
  124  8:16  Drone  
  124  8:17  Drone  
  127  8:20  Drone  
  127  8:23  Hive  
  127  8:26  Zergling x4  
  127  8:27  Zergling x10  
  134  8:30  Zergling x2  
  134  8:31  Hatchery, Zergling x2  
  135  8:36  Overlord x2  
  136  8:42  Hatchery  
  136  8:43  Zergling x2  
  136  8:44  Zergling x4  
  136  8:46  Overlord  
  138  8:49  Zergling x6  
  141  8:57  Zergling x18  
  150  9:08  Zergling x8  
  150  9:12  Zergling x2  
  149  9:20  Zergling x6  
  152  9:25  Zergling x2, Baneling x2  
  152  9:26  Zergling x10  
  158  9:33  Spore Crawler, Drone x6  
  158  9:35  Baneling x7  
  158  9:36  Zergling x2  
  158  9:37  Zergling x6  
  167  9:41  Zergling x2, Adrenal Glands  
  167  9:42  Zergling x6  
  167  9:43  Ultralisk Cavern  
  170  9:50  Spire  
  170  9:51  Zergling x8  
  170  9:52  Zergling x6  
  175  9:55  Zergling x2  
  175  9:56  Zergling x8  
  180  10:02  Baneling x5  
  180  10:03  Overseer x2  
  180  10:07  Zergling x18  
  180  10:13  Zergling x2  
  180  10:14  Zergling x4  
  160  10:25  Zergling x14  
  160  10:26  Zergling x2  
  160  10:27  Zergling x14  
  165  10:30  Chitinous Plating  
  165  10:32  Ultralisk x2  
  165  10:34  Baneling x5  
  177  10:41  Ultralisk, Zergling x10  
  187  10:46  Hatchery  
  187  10:48  Zergling x6  
  179  10:51  Zergling x10  
  179  10:55  Zergling x4  
  181  11:01  Viper  
  181  11:02  Zerg Flyer Weapons Level 1  
  184  11:08  Zergling x2  
  184  11:09  Zergling x20  
  193  11:15  Queen  
  185  11:22  Zergling x16  
  186  11:28  Zergling x2  
  186  11:32  Ultralisk, Zergling x2  
  182  11:35  Zergling x2  
  182  11:38  Zergling x4  
  176  11:40  Zergling x2  
  176  11:41  Zergling x6  
  176  11:45  Zergling x2  
  176  11:46  Zergling x6  
  170  11:57  Zergling x2  
  170  11:58  Zergling x6  
  178  12:01  Ultralisk  
  178  12:06  Zergling x8  
  178  12:07  Baneling x3  
  183  12:08  Zergling x2  
  183  12:17  Zergling x10  
  183  12:18  Baneling x4  
  183  12:20  Zergling x4  
  187  12:24  Zergling x4  
  183  12:32  Zergling x2  
  183  12:33  Zergling x8  
  183  12:42  Zergling x18  
  185  12:47  Ultralisk, Zergling x2  
  187  12:52  Zergling x8  
  170  12:58  Ultralisk, Zergling x2  
  170  12:59  Zergling x2  
  170  13:03  Baneling x8  
  170  13:05  Zergling x2  
  156  13:06  Baneling  
  156  13:07  Baneling x5  
  156  13:16  Spawning Pool  
  156  13:18  Corruptor  
  156  13:19  Corruptor  
  137  13:20  Corruptor  
  126  13:28  Corruptor  
  126  13:32  Corruptor  
  118  13:49  Corruptor  
  120  13:57  Drone  
  120  13:58  Drone x3  
  120  14:02  Corruptor  
  124  14:03  Viper  
  124  14:04  Zergling x2  
  124  14:05  Zergling x2  
  124  14:08  Zergling x4  
  127  14:13  Baneling x4  
  127  14:15  Zergling x4  
  127  14:16  Zergling x2  
  130  14:24  Zergling x2  
  130  14:25  Zergling x8  
  130  14:29  Zergling x6  
  130  14:31  Zergling x2  
  132  14:33  Zergling x2  
  132  14:34  Zergling x2  
  132  14:35  Zergling x4  
  130  14:39  Zergling x6  
  130  14:41  Zergling x2  
  130  14:42  Zergling x2  
  130  14:44  Zergling x2  
  118  14:47  Zergling x6  
  121  14:54  Baneling x9  
  121  14:55  Baneling  
  121  14:58  Zergling x2  
  121  14:59  Zergling x2  
  122  15:00  Zergling x4  
  122  15:03  Zergling x6  
  122  15:05  Zergling x2  
  124  15:07  Zergling x2  
  124  15:10  Baneling x6  
  124  15:12  Zergling x2  
  124  15:13  Zergling x2  
  124  15:14  Baneling x3  
  124  15:15  Baneling  
  124  15:21  Baneling x3  
Show
View Real Time Build Order
Export as new Build Order

Bunny Terran 

Build Orders: Liberator Opening, Reaper Expand 

Get SALT Encoding   

  12  0:00  SCV  
  13  0:12  SCV  
  14  0:17  Supply Depot  
  14  0:24  SCV  
  15  0:39  SCV  
  15  0:40  Barracks  
  16  0:43  Refinery  
  16  0:51  SCV  
  17  1:03  SCV  
  18  1:15  SCV  
  19  1:27  Reaper, Orbital Command  
  20  1:40  Command Center  
  20  1:53  SCV, Supply Depot  
  21  1:59  Marine  
  22  2:05  SCV  
  22  2:07  Factory  
  23  2:12  Refinery  
  23  2:17  SCV  
  23  2:21  Barracks Reactor  
  24  2:29  SCV  
  25  2:41  SCV  
  26  2:52  Orbital Command, Starport  
  26  2:53  SCV  
  27  3:01  Hellion x2  
  31  3:05  SCV  
  31  3:06  Barracks Tech Lab  
  32  3:15  Supply Depot  
  32  3:17  Liberator, SCV  
  32  3:18  SCV  
  34  3:22  Hellion x2  
  38  3:30  SCV x2  
  43  3:34  Marine  
  43  3:39  Supply Depot  
  44  3:42  SCV  
  44  3:43  SCV  
  44  3:46  Hellion  
  44  3:47  Hellion  
  50  3:54  SCV  
  50  3:55  SCV  
  52  4:06  SCV  
  52  4:07  SCV  
  54  4:12  Command Center  
  54  4:21  SCV x2  
  54  4:23  Supply Depot  
  56  4:26  Stimpack  
  56  4:33  SCV  
  56  4:34  Barracks, SCV  
  56  4:36  Barracks  
  58  4:40  Factory Reactor  
  58  4:41  Marine  
  58  4:44  Engineering Bay  
  59  4:48  SCV x2, Engineering Bay  
  59  4:49  Starport Reactor  
  61  5:00  SCV x2  
  61  5:02  Refinery  
  61  5:03  Marine, Refinery  
  64  5:12  SCV x2  
  59  5:19  Terran Infantry Armor Level 1, Terran Infantry Weapons Level 1  
  59  5:22  Marine x2  
  59  5:23  Marine  
  59  5:24  SCV x2, Orbital Command  
  64  5:28  Factory Tech Lab  
  64  5:29  Marine, Medivac x2  
  64  5:30  Marine  
  70  5:38  SCV x2  
  70  5:41  Marine x3  
  75  5:46  Supply Depot, Orbital Command  
  75  5:47  Marine, Siege Tank  
  75  5:48  Marine  
  80  5:52  SCV x2  
  82  5:59  Marine x2  
  82  6:03  Medivac  
  85  6:08  Marine x3, Medivac  
  85  6:11  SCV x2  
  92  6:14  SCV  
  92  6:17  Supply Depot x2  
  93  6:26  Combat Shield  
  93  6:28  Supply Depot  
  93  6:30  Supply Depot  
  93  6:38  Marine x3, Barracks  
  93  6:39  Marine x2, Barracks, SCV x3, Siege Tank  
  104  6:46  Armory  
  104  6:51  SCV x3  
  107  6:55  Medivac  
  107  6:56  Marine x3  
  107  6:57  Marine x2  
  107  7:00  Medivac  
  111  7:03  SCV  
  111  7:06  Supply Depot  
  111  7:07  Supply Depot  
  105  7:14  Marine x5  
  103  7:20  Siege Tank  
  103  7:21  SCV x3  
  106  7:23  Refinery  
  106  7:24  Supply Depot  
  106  7:25  Medivac  
  106  7:27  Barracks Reactor  
  106  7:28  Barracks Reactor  
  108  7:30  Medivac  
  108  7:32  Marine  
  108  7:33  Marine x4  
  115  7:41  Barracks  
  115  7:42  Barracks x2  
  115  7:44  Terran Infantry Weapons Level 2  
  115  7:50  Marine  
  116  7:52  Marine x4  
  116  7:57  Terran Infantry Armor Level 2  
  120  8:01  Command Center, SCV x3  
  122  8:07  Marine x5  
  122  8:09  Terran Vehicle Weapons Level 1  
  122  8:10  Marine x4  
  131  8:18  Drilling Claws  
  131  8:19  Widow Mine, Factory  
  133  8:25  Marine x4  
  133  8:26  Marauder  
  139  8:29  Marine  
  139  8:30  Marine x3  
  139  8:31  Barracks Tech Lab  
  139  8:32  Barracks Tech Lab, Supply Depot  
  143  8:34  Barracks Reactor  
  142  8:46  Marine  
  142  8:47  Marine x4  
  149  8:51  Missile Turret  
  149  8:52  Widow Mine  
  149  8:53  Marine x2  
  149  8:54  Supply Depot  
  149  8:55  Supply Depot  
  151  9:01  Medivac  
  151  9:02  Medivac  
  155  9:04  Factory Reactor  
  155  9:06  Supply Depot  
  152  9:14  Marine x8, Marauder  
  158  9:29  Sensor Tower  
  158  9:31  Supply Depot, Medivac  
  157  9:33  Medivac  
  157  9:34  Marine  
  157  9:35  Marine  
  157  9:36  Marauder  
  157  9:37  Marine x6  
  167  9:42  Widow Mine x2  
  167  9:44  SCV  
  167  9:45  SCV  
  173  9:47  SCV  
  173  9:50  Widow Mine  
  176  10:02  Marauder x3  
  176  10:05  Marine x6  
  182  10:14  Widow Mine x2  
  182  10:20  SCV x3  
  175  10:23  Marauder x2  
  175  10:24  Planetary Fortress  
  175  10:29  Marine x5  
  175  10:31  Marine x2  
  175  10:32  SCV  
  183  10:36  Marine x3  
  183  10:39  Marine  
  183  10:42  Medivac  
  189  10:44  Marine x2  
  189  10:47  Marine x3  
  185  10:50  Marine  
  185  10:51  Marine  
  185  10:54  Widow Mine  
  179  10:57  Marauder  
  179  10:59  SCV x2  
  179  11:00  SCV  
  179  11:01  SCV  
  179  11:02  Marauder  
  187  11:04  Marine  
  187  11:05  Marine x5  
  193  11:12  Marauder  
  182  11:20  Marine x4  
  182  11:22  Marine x4  
  182  11:23  Marine x2  
  182  11:24  Marauder  
  171  11:33  Marine  
  171  11:37  Marine  
  171  11:38  Marine x3  
  160  11:40  Marine x5  
  160  11:41  SCV x4  
  163  11:51  Marauder  
  163  11:52  Marauder  
  163  11:53  SCV x3  
  168  12:00  Terran Infantry Weapons Level 3, Terran Infantry Armor Level 3  
  165  12:03  Widow Mine x2  
  165  12:05  Widow Mine, SCV  
  172  12:09  Terran Vehicle And Ship Armor Level 1  
  172  12:13  Marauder x2  
  176  12:16  SCV x3  
  176  12:17  SCV  
  176  12:22  Barracks  
  177  12:25  Widow Mine  
  177  12:26  Widow Mine  
  177  12:27  Widow Mine  
  177  12:28  Medivac x2  
  179  12:34  Marine x2, Marauder  
  179  12:35  Marine x2  
  179  12:37  Orbital Command  
  186  12:41  Unknown x4  
  186  12:44  Marine x4  
  176  12:47  Widow Mine x2  
  176  12:48  Widow Mine  
  172  12:52  Marine x2  
  172  12:53  Marine x2  
  172  12:56  Marauder  
  156  13:02  Marine x4  
  153  13:09  Marine, SCV x3  
  153  13:10  Marine  
  153  13:11  Marine  
  148  13:13  Marine  
  148  13:16  Marine  
  148  13:19  Marine  
  138  13:20  Marine x2, Reaper  
  134  13:27  Marine  
  119  13:36  Marauder  
  121  13:48  Marine x3  
  115  13:59  Marauder  
  115  14:01  Marine  
  115  14:02  Marine x4  
  114  14:10  Marine  
  114  14:11  Marine x2  
  117  14:18  Unknown  
  117  14:19  Marine x3, Unknown x2  
  117  14:20  Marauder  
  103  14:35  Marine x3  
  88  14:42  Marauder  
  88  14:43  Widow Mine x2  
  88  14:44  Marine  
  88  14:45  Marine x2  
  88  14:47  Medivac x2  
  92  14:55  Marine x2, Orbital Command  
  92  14:56  Marine  
  92  14:58  Unknown x2  
  95  15:03  Marauder  
  95  15:06  Marine x2  
  82  15:25  Unknown  
  82  15:26  Unknown  
  82  15:29  Unknown x3  

Tags
 
Add a new tag
Caveats
  • Supply blocks, unpowered buildings, or Contaminate may cause inaccurate times.
  • Supply counts are checked every 10 seconds.